[ AOE2 MATCH · #464931255 ]
UnrankedTupi vs Persians
[ REPLAY ANALYSIS · EXTRACTED FROM THE RECORDED GAME ]
Feudal
8:59
Castle
—
Imperial
—
| APM avg | 42.4 |
| APM peak | 71 |
| eAPM avg | 19.1 |
| Villagers / military | 41 / 33 |
Focus
⚔️ 44.8% · 🌾 55.2%
Archer ×32 · Spearman ×1
Feudal
9:02
Castle
—
Imperial
—
| APM avg | 55.6 |
| APM peak | 101 |
| eAPM avg | 18.7 |
| Villagers / military | 45 / 10 |
Focus
⚔️ 24.7% · 🌾 75.3%
Scout Cavalry ×10
Feudal
8:50
Castle
—
Imperial
—
| APM avg | 47.7 |
| APM peak | 80 |
| eAPM avg | 21.4 |
| Villagers / military | 49 / 12 |
Focus
⚔️ 25.2% · 🌾 74.8%
Scout Cavalry ×11 · Spearman ×1
Feudal
9:15
Castle
—
Imperial
—
| APM avg | 30.0 |
| APM peak | 72 |
| eAPM avg | 12.9 |
| Villagers / military | 37 / 12 |
Focus
⚔️ 30.5% · 🌾 69.5%
Skirmisher ×6 · Scout Cavalry ×4 · Archer ×1 · Spearman ×1
Feudal
8:51
Castle
—
Imperial
—
| APM avg | 50.0 |
| APM peak | 99 |
| eAPM avg | 17.7 |
| Villagers / military | 44 / 31 |
Focus
⚔️ 35.0% · 🌾 65.0%
Archer ×28 · Spearman ×3
Feudal
8:55
Castle
—
Imperial
—
| APM avg | 54.4 |
| APM peak | 97 |
| eAPM avg | 29.3 |
| Villagers / military | 67 / 45 |
Focus
⚔️ 36.3% · 🌾 63.7%
Archer ×45
Match map
Initial resources + every placement click. Lines = walls · curves = elevation contours. ◆ gold · ⬟ stone · ● berries · ✦ relic · ◌ wall gap
Your base· Open — unwalled flank
Shadow_Samurai's base· Open — unwalled flank
Vermint's base· Open — unwalled flank
dastle crop's base· Open — unwalled flank
Lord Ramsbottom's base· Open — unwalled flank
Solusvod's base· Open — unwalled flank
Smoothed initial terrain · ◌ = detected wall gap · hover for details
Inputs per minute
— Elacrai - - Shadow_Samurai
Build order — Elacrai
116 actions detected in the replay
| 0:01 | Create | Villager (Male) |
| 0:02 | Create | Villager (Male) |
| 0:05 | Build | House |
| 0:07 | Build | House |
| 0:11 | Create | Villager (Male) |
| 0:11 | Create | Villager (Male) |
| 1:23 | Create | Villager (Male) |
| 1:40 | Create | Villager (Male) |
| 1:41 | Create | Villager (Male) |
| 2:31 | Build | Settlement |
| 2:35 | Create | Villager (Male) |
| 2:36 | Create | Villager (Male) |
| 3:26 | Create | Villager (Male) |
| 3:26 | Create | Villager (Male) |
| 3:26 | Create | Villager (Male) |
| 4:09 | Create | Villager (Male) |
| 4:41 | Create | Villager (Male) |
| 4:41 | Create | Villager (Male) |
| 5:42 | Create | Villager (Male) |
| 5:43 | Create | Villager (Male) |
| 6:49 | Research | Feudal Age |
| 6:50 | Research | Feudal Age |
| 7:39 | Research | Loom |
| 7:39 | Create | Villager (Male) |
| 8:32 | Build | Barracks |
| 8:42 | Build | House |
| 8:59 | Age | Feudal Age |
| 9:18 | Build | Settlement |
| 9:23 | Build | Archery Range |
| 9:25 | Build | Archery Range |
| 9:43 | Create | Villager (Male) |
| 9:57 | Research | Double-Bit Axe |
| 10:27 | Create | Archer |
| 10:28 | Create | Archer |
| 10:28 | Create | Archer |
| 10:40 | Create | Villager (Male) |
| 10:40 | Create | Villager (Male) |
| 10:41 | Create | Archer |
| 10:45 | Build | House |
| 10:51 | Build | Farm |
| 11:14 | Create | Villager (Male) |
| 11:17 | Build | Farm |
| 11:20 | Create | Archer |
| 11:20 | Create | Archer |
| 11:38 | Build | House |
| 11:39 | Create | Archer |
| 11:39 | Create | Archer |
| 11:44 | Create | Villager (Male) |
| 11:44 | Create | Villager (Male) |
| 11:47 | Build | Farm |
| 11:50 | Build | Farm |
| 12:04 | Create | Archer |
| 12:10 | Build | Blacksmith |
| 12:12 | Build | Palisade Wall |
| 12:18 | Create | Villager (Male) |
| 12:18 | Create | Villager (Male) |
| 12:49 | Create | Villager (Male) |
| 12:50 | Create | Archer |
| 12:50 | Create | Archer |
| 13:18 | Create | Villager (Male) |
| 13:33 | Research | Fletching |
| 13:35 | Create | Archer |
| 13:35 | Create | Archer |
| 14:03 | Create | Archer |
| 14:03 | Create | Archer |
| 14:03 | Create | Villager (Male) |
| 14:31 | Create | Villager (Male) |
| 14:31 | Create | Archer |
| 14:34 | Build | House |
| 14:36 | Build | House |
| 14:52 | Build | Palisade Wall |
| 14:53 | Build | House |
| 14:58 | Research | Forging |
| 14:59 | Create | Archer |
| 14:59 | Create | Archer |
| 15:07 | Create | Archer |
| 15:10 | Build | Farm |
| 15:11 | Build | Farm |
| 15:13 | Create | Villager (Male) |
| 15:14 | Create | Villager (Male) |
| 15:18 | Build | Farm |
| 15:21 | Build | Farm |
| 15:22 | Build | Farm |
| 15:54 | Create | Archer |
| 15:55 | Create | Archer |
| 15:59 | Create | Villager (Male) |
| 16:01 | Build | House |
| 16:07 | Build | Farm |
| 16:08 | Build | Farm |
| 16:11 | Build | Farm |
| 16:15 | Build | Palisade Wall |
| 16:28 | Create | Archer |
| 16:28 | Create | Archer |
| 16:32 | Create | Villager (Male) |
| 16:32 | Create | Villager (Male) |
| 16:57 | Create | Archer |
| 16:57 | Create | Archer |
| 16:58 | Create | Villager (Male) |
| 17:18 | Create | Villager (Male) |
| 17:18 | Create | Archer |
| 17:18 | Create | Archer |
| 17:31 | Create | Villager (Male) |
| 17:43 | Build | Farm |
| 17:44 | Build | Farm |
| 17:47 | Create | Villager (Male) |
| 17:50 | Build | House |
| 17:58 | Build | Palisade Wall |
| 17:58 | Create | Spearman |
| 18:00 | Create | Archer |
| 18:00 | Create | Villager (Male) |
| 18:13 | Create | Archer |
| 18:13 | Create | Archer |
| 18:20 | Build | House |
| 18:54 | Create | Villager (Male) |
| 18:55 | Create | Archer |
| 18:55 | Create | Archer |
Build order — Shadow_Samurai
104 actions detected in the replay
| 0:02 | Create | Villager (Male) ×5 |
| 0:03 | Create | Villager (Male) ×5 |
| 0:05 | Build | House |
| 0:06 | Build | House |
| 1:33 | Create | Villager (Male) |
| 1:42 | Build | House |
| 1:44 | Build | House |
| 2:03 | Create | Villager (Male) |
| 2:20 | Create | Villager (Male) |
| 2:20 | Create | Villager (Male) |
| 2:52 | Create | Villager (Male) |
| 3:28 | Create | Villager (Male) |
| 3:58 | Create | Villager (Male) |
| 3:58 | Create | Villager (Male) |
| 4:20 | Create | Villager (Male) |
| 4:20 | Create | Villager (Male) |
| 4:20 | Create | Villager (Male) |
| 4:31 | Build | Lumber Camp |
| 4:34 | Create | Villager (Male) |
| 4:35 | Create | Villager (Male) |
| 4:42 | Create | Villager (Male) |
| 5:06 | Create | Villager (Male) |
| 5:06 | Create | Villager (Male) |
| 5:16 | Build | Mill |
| 5:48 | Research | Loom |
| 6:01 | Build | House |
| 6:27 | Create | Villager (Male) |
| 6:48 | Build | Palisade Wall |
| 6:58 | Research | Feudal Age |
| 7:48 | Build | Barracks |
| 7:58 | Create | Villager (Male) |
| 8:52 | Build | Palisade Wall |
| 9:02 | Age | Feudal Age |
| 9:03 | Research | Double-Bit Axe |
| 9:08 | Build | Stable |
| 9:23 | Research | Horse Collar |
| 9:23 | Research | Horse Collar |
| 9:25 | Create | Villager (Male) |
| 9:38 | Create | Villager (Male) |
| 9:51 | Create | Scout Cavalry |
| 9:52 | Create | Scout Cavalry |
| 9:56 | Build | Farm |
| 10:01 | Build | Farm |
| 10:11 | Build | Palisade Wall |
| 10:14 | Build | House |
| 10:38 | Create | Villager (Male) |
| 10:45 | Build | Farm |
| 10:48 | Build | Farm |
| 10:51 | Build | Farm |
| 11:00 | Build | Farm |
| 11:03 | Create | Villager (Male) |
| 11:14 | Build | House |
| 11:24 | Build | Palisade Wall |
| 11:27 | Create | Scout Cavalry |
| 11:57 | Create | Villager (Male) |
| 11:58 | Create | Scout Cavalry |
| 12:05 | Build | Palisade Wall |
| 12:07 | Build | Palisade Wall |
| 12:27 | Create | Scout Cavalry |
| 12:37 | Create | Villager (Male) |
| 12:49 | Build | Farm |
| 12:50 | Build | Farm |
| 12:53 | Create | Villager (Male) |
| 13:03 | Build | Blacksmith |
| 13:18 | Create | Scout Cavalry |
| 13:25 | Build | House |
| 13:29 | Build | Palisade Wall |
| 13:31 | Build | Farm |
| 13:44 | Create | Villager (Male) |
| 13:52 | Research | Scale Barding Armor |
| 13:53 | Research | Scale Barding Armor |
| 13:59 | Build | Palisade Wall |
| 14:02 | Build | Palisade Wall |
| 14:30 | Create | Villager (Male) |
| 14:33 | Build | Farm |
| 14:35 | Build | Farm |
| 14:36 | Create | Villager (Male) |
| 14:49 | Research | Forging |
| 14:49 | Research | Forging |
| 14:55 | Build | House |
| 14:58 | Build | Palisade Wall |
| 15:15 | Build | Farm |
| 15:16 | Build | Farm |
| 15:23 | Build | Farm |
| 15:56 | Create | Scout Cavalry |
| 15:56 | Create | Scout Cavalry |
| 16:00 | Build | Farm |
| 16:12 | Create | Villager (Male) |
| 16:36 | Create | Villager (Male) |
| 16:40 | Build | Mining Camp |
| 16:48 | Build | Farm |
| 16:49 | Build | Farm |
| 16:52 | Create | Villager (Male) |
| 17:30 | Create | Villager (Male) |
| 17:33 | Build | Farm |
| 17:34 | Build | Farm |
| 17:38 | Create | Villager (Male) |
| 17:53 | Build | Lumber Camp |
| 18:07 | Create | Villager (Male) |
| 18:14 | Build | House |
| 18:58 | Create | Villager (Male) |
| 19:03 | Create | Scout Cavalry |
| 19:03 | Create | Scout Cavalry |
| 19:11 | Build | Stable |
Build order — Vermint
123 actions detected in the replay
| 0:01 | Create | Villager (Male) |
| 0:02 | Create | Villager (Male) |
| 0:02 | Create | Villager (Male) |
| 0:02 | Create | Villager (Male) |
| 0:03 | Build | House |
| 0:05 | Build | House |
| 0:05 | Create | Villager (Male) |
| 1:32 | Create | Villager (Male) |
| 2:02 | Create | Villager (Male) |
| 2:02 | Create | Villager (Male) |
| 2:26 | Build | Lumber Camp |
| 2:34 | Create | Villager (Male) |
| 2:34 | Create | Villager (Male) |
| 3:02 | Create | Villager (Male) |
| 3:03 | Create | Villager (Male) |
| 3:03 | Create | Villager (Male) |
| 3:18 | Build | House |
| 3:39 | Create | Villager (Male) |
| 3:39 | Create | Villager (Male) |
| 4:05 | Build | Mill |
| 4:16 | Create | Villager (Male) |
| 4:27 | Create | Villager (Male) |
| 4:57 | Create | Villager (Male) |
| 4:58 | Create | Villager (Male) |
| 5:25 | Research | Loom |
| 6:00 | Create | Villager (Male) |
| 6:39 | Research | Feudal Age |
| 6:52 | Build | House |
| 7:51 | Build | Barracks |
| 7:55 | Build | House |
| 7:57 | Build | Palisade Wall |
| 8:10 | Create | Villager (Male) |
| 8:50 | Age | Feudal Age |
| 8:54 | Create | Villager (Male) |
| 9:02 | Build | Stable |
| 9:30 | Research | Double-Bit Axe |
| 9:38 | Create | Villager (Male) |
| 9:45 | Create | Scout Cavalry |
| 9:46 | Create | Scout Cavalry |
| 9:55 | Build | House |
| 10:00 | Build | Palisade Wall |
| 10:02 | Build | Palisade Wall |
| 10:03 | Build | Palisade Wall |
| 10:08 | Create | Villager (Male) |
| 10:09 | Create | Villager (Male) |
| 10:09 | Create | Villager (Male) |
| 10:18 | Build | Farm |
| 10:18 | Create | Scout Cavalry |
| 10:33 | Create | Villager (Male) |
| 10:36 | Build | Farm |
| 10:39 | Build | Farm |
| 10:51 | Create | Scout Cavalry |
| 11:03 | Build | Palisade Wall |
| 11:05 | Build | Palisade Wall |
| 11:15 | Build | Farm |
| 11:24 | Create | Spearman |
| 11:30 | Create | Villager (Male) |
| 11:38 | Build | Blacksmith |
| 11:44 | Create | Villager (Male) |
| 11:58 | Create | Scout Cavalry |
| 11:58 | Create | Scout Cavalry |
| 12:05 | Build | Farm |
| 12:09 | Build | Farm |
| 12:09 | Create | Villager (Male) |
| 12:23 | Build | House |
| 12:46 | Create | Villager (Male) |
| 13:33 | Create | Villager (Male) |
| 13:34 | Create | Scout Cavalry |
| 13:39 | Build | Farm |
| 13:41 | Build | Farm |
| 13:42 | Research | Horse Collar |
| 14:01 | Create | Scout Cavalry |
| 14:23 | Build | Farm |
| 14:23 | Build | Farm |
| 14:23 | Build | Farm |
| 14:24 | Build | Farm |
| 14:27 | Build | Farm |
| 14:28 | Create | Villager (Male) |
| 14:48 | Create | Villager (Male) |
| 14:57 | Create | Villager (Male) |
| 14:57 | Create | Villager (Male) |
| 14:59 | Build | Farm |
| 15:11 | Build | Lumber Camp |
| 15:12 | Create | Villager (Male) |
| 15:16 | Build | House |
| 15:17 | Build | House |
| 15:20 | Create | Villager (Male) |
| 15:23 | Create | Scout Cavalry |
| 15:45 | Build | Farm |
| 15:50 | Build | House |
| 15:52 | Build | Palisade Wall |
| 15:54 | Build | House |
| 16:06 | Build | House |
| 16:08 | Build | House |
| 16:13 | Build | House |
| 16:15 | Create | Villager (Male) |
| 16:36 | Create | Villager (Male) |
| 16:49 | Create | Villager (Male) |
| 16:51 | Build | Farm |
| 17:00 | Build | House |
| 17:00 | Build | House |
| 17:11 | Build | Farm |
| 17:11 | Build | Farm |
| 17:12 | Build | Farm |
| 17:15 | Build | Farm |
| 17:22 | Create | Villager (Male) |
| 17:23 | Create | Villager (Male) |
| 17:24 | Create | Scout Cavalry |
| 17:25 | Research | Scale Barding Armor |
| 17:40 | Build | Farm |
| 17:42 | Create | Villager (Male) |
| 17:47 | Build | Mining Camp |
| 17:50 | Build | House |
| 17:52 | Build | House |
| 17:53 | Build | Palisade Wall |
| 18:13 | Create | Villager (Male) |
| 18:28 | Create | Villager (Male) |
| 18:32 | Create | Scout Cavalry |
| 18:33 | Create | Villager (Male) |
| 18:44 | Research | Forging |
| 18:57 | Create | Villager (Male) |
| 19:21 | Create | Villager (Male) |
| 19:34 | Build | House |
Build order — dastle crop
83 actions detected in the replay
| 0:02 | Create | Villager (Male) |
| 0:02 | Create | Villager (Male) |
| 0:02 | Create | Villager (Male) |
| 0:09 | Create | Villager (Male) |
| 0:09 | Create | Villager (Male) |
| 1:25 | Create | Villager (Male) |
| 1:25 | Create | Villager (Male) |
| 2:04 | Create | Villager (Male) |
| 2:05 | Create | Villager (Male) |
| 2:12 | Build | Lumber Camp |
| 2:25 | Create | Villager (Male) |
| 2:36 | Build | Palisade Wall |
| 2:37 | Build | Palisade Wall |
| 2:38 | Build | Palisade Wall |
| 2:38 | Build | Palisade Wall |
| 2:39 | Build | Palisade Wall |
| 2:40 | Build | Palisade Wall |
| 2:47 | Create | Villager (Male) |
| 3:16 | Build | Palisade Wall |
| 3:19 | Build | Palisade Wall |
| 3:19 | Build | Palisade Wall |
| 3:26 | Create | Villager (Male) |
| 3:39 | Create | Villager (Male) |
| 3:39 | Create | Villager (Male) |
| 4:11 | Create | Villager (Male) |
| 4:11 | Create | Villager (Male) |
| 5:04 | Create | Villager (Male) |
| 5:19 | Build | Mill |
| 5:30 | Create | Villager (Male) |
| 6:00 | Create | Villager (Male) |
| 6:23 | Research | Loom |
| 7:05 | Research | Feudal Age |
| 7:49 | Build | Barracks |
| 8:06 | Create | Villager (Male) |
| 8:28 | Build | Palisade Wall |
| 8:36 | Build | Palisade Wall |
| 9:15 | Age | Feudal Age |
| 9:17 | Build | Stable |
| 9:45 | Create | Villager (Male) |
| 9:51 | Build | Farm |
| 9:59 | Create | Scout Cavalry |
| 10:12 | Create | Scout Cavalry |
| 10:21 | Create | Villager (Male) |
| 10:24 | Build | Farm |
| 10:51 | Create | Villager (Male) |
| 10:59 | Create | Villager (Male) |
| 11:04 | Create | Scout Cavalry |
| 11:06 | Build | Farm |
| 11:09 | Build | Farm |
| 11:10 | Build | Farm |
| 11:20 | Create | Spearman |
| 11:26 | Build | Archery Range |
| 11:30 | Create | Villager (Male) |
| 11:37 | Build | Farm |
| 11:49 | Create | Villager (Male) |
| 11:55 | Build | Farm |
| 12:07 | Research | Double-Bit Axe |
| 12:27 | Create | Archer |
| 12:28 | Create | Skirmisher |
| 12:39 | Create | Villager (Male) |
| 13:04 | Create | Skirmisher |
| 13:13 | Build | Blacksmith |
| 13:14 | Create | Villager (Male) |
| 13:19 | Create | Skirmisher |
| 14:09 | Create | Villager (Male) |
| 14:15 | Build | Farm |
| 14:17 | Build | Farm |
| 14:19 | Build | Farm |
| 14:20 | Create | Villager (Male) |
| 14:24 | Create | Skirmisher |
| 14:43 | Create | Scout Cavalry |
| 14:55 | Create | Villager (Male) |
| 15:11 | Build | Farm |
| 15:12 | Create | Villager (Male) |
| 15:16 | Build | Market |
| 15:58 | Create | Villager (Male) |
| 15:58 | Create | Villager (Male) |
| 16:29 | Create | Villager (Male) |
| 16:29 | Create | Villager (Male) |
| 16:38 | Create | Villager (Male) |
| 16:47 | Create | Skirmisher |
| 17:35 | Create | Skirmisher |
| 18:14 | Research | Castle Age |
Build order — Lord Ramsbottom
124 actions detected in the replay
| 0:01 | Create | Villager (Male) ×4 |
| 0:02 | Build | House |
| 0:05 | Build | House |
| 1:24 | Build | Mill |
| 1:26 | Create | Villager (Male) |
| 1:26 | Create | Villager (Male) |
| 1:59 | Create | Villager (Male) |
| 2:27 | Create | Villager (Male) |
| 2:54 | Create | Villager (Male) |
| 2:55 | Create | Villager (Male) |
| 3:11 | Build | House |
| 3:15 | Create | Villager (Male) |
| 3:15 | Create | Villager (Male) |
| 3:26 | Create | Villager (Male) |
| 3:26 | Create | Villager (Male) |
| 3:43 | Build | House |
| 3:49 | Create | Villager (Male) |
| 3:49 | Create | Villager (Male) |
| 4:28 | Create | Villager (Male) |
| 4:43 | Create | Villager (Male) |
| 5:04 | Create | Villager (Male) |
| 5:18 | Create | Villager (Male) |
| 5:52 | Build | Lumber Camp |
| 5:56 | Research | Loom |
| 5:56 | Create | Villager (Male) |
| 6:32 | Research | Feudal Age |
| 6:33 | Research | Feudal Age |
| 7:54 | Build | Barracks |
| 7:55 | Build | House |
| 8:09 | Create | Villager (Male) |
| 8:51 | Age | Feudal Age |
| 8:57 | Build | Mining Camp |
| 9:00 | Build | Archery Range |
| 9:23 | Create | Villager (Male) |
| 9:25 | Create | Villager (Male) |
| 9:27 | Research | Double-Bit Axe |
| 9:51 | Build | House |
| 9:52 | Build | Palisade Wall |
| 10:03 | Build | Archery Range |
| 10:05 | Create | Archer |
| 10:12 | Create | Villager (Male) |
| 10:24 | Create | Villager (Male) |
| 10:32 | Build | House |
| 10:36 | Create | Spearman |
| 10:40 | Create | Villager (Male) |
| 10:43 | Create | Archer |
| 10:54 | Create | Villager (Male) |
| 11:03 | Create | Villager (Male) |
| 11:06 | Build | Mill |
| 11:18 | Build | House |
| 11:19 | Build | Palisade Wall |
| 11:24 | Create | Spearman |
| 11:25 | Create | Archer |
| 11:26 | Build | Palisade Wall |
| 11:31 | Build | House |
| 11:32 | Build | Palisade Wall |
| 11:55 | Build | House |
| 11:56 | Build | Palisade Wall |
| 11:58 | Create | Archer |
| 11:59 | Create | Villager (Male) |
| 12:18 | Create | Archer |
| 12:20 | Create | Villager (Male) |
| 12:26 | Build | House |
| 12:27 | Build | Palisade Wall |
| 12:32 | Create | Villager (Male) |
| 12:39 | Build | Farm |
| 12:44 | Create | Archer |
| 12:48 | Build | Farm |
| 12:55 | Create | Archer |
| 13:01 | Build | Palisade Gate |
| 13:11 | Build | House |
| 13:12 | Build | Palisade Wall |
| 13:27 | Create | Villager (Male) |
| 13:28 | Create | Archer |
| 13:46 | Build | Blacksmith |
| 13:49 | Create | Villager (Male) |
| 13:55 | Create | Spearman |
| 13:59 | Create | Archer |
| 13:59 | Create | Archer |
| 14:08 | Build | Palisade Wall |
| 14:12 | Create | Villager (Male) |
| 14:12 | Create | Archer |
| 14:12 | Create | Archer |
| 14:24 | Build | House |
| 14:27 | Build | Palisade Wall |
| 14:30 | Create | Villager (Male) |
| 14:35 | Build | Farm |
| 14:46 | Create | Archer |
| 14:46 | Create | Archer |
| 15:03 | Build | Farm |
| 15:18 | Create | Villager (Male) |
| 15:18 | Create | Archer |
| 15:23 | Research | Fletching |
| 15:25 | Build | Farm |
| 15:27 | Build | Farm |
| 15:35 | Create | Archer |
| 16:04 | Create | Villager (Male) |
| 16:05 | Create | Archer |
| 16:05 | Create | Archer |
| 16:06 | Create | Archer |
| 16:17 | Create | Villager (Male) |
| 16:20 | Build | Farm |
| 16:22 | Research | Horse Collar |
| 16:33 | Create | Archer |
| 16:34 | Create | Villager (Male) |
| 16:37 | Build | Farm |
| 17:09 | Create | Villager (Male) |
| 17:09 | Create | Archer |
| 17:10 | Create | Archer |
| 17:23 | Build | Farm |
| 17:44 | Create | Villager (Male) |
| 17:45 | Create | Archer |
| 17:45 | Create | Archer |
| 18:24 | Create | Villager (Male) |
| 18:24 | Create | Archer |
| 18:25 | Create | Archer |
| 18:39 | Build | Market |
| 18:44 | Research | Wheelbarrow |
| 18:44 | Research | Wheelbarrow |
| 19:15 | Create | Villager (Male) |
| 19:16 | Create | Archer |
| 19:16 | Create | Archer |
| 19:21 | Build | Farm |
| 19:24 | Build | Farm |
Build order — Solusvod
First 150 of 161 actions detected
| 0:02 | Create | Villager (Male) |
| 0:02 | Create | Villager (Male) |
| 0:03 | Create | Villager (Male) |
| 0:05 | Build | House |
| 0:06 | Build | House |
| 0:22 | Create | Villager (Male) |
| 0:22 | Create | Villager (Male) |
| 1:09 | Create | Villager (Male) |
| 1:10 | Create | Villager (Male) |
| 1:29 | Build | Lumber Camp |
| 1:54 | Create | Villager (Male) |
| 1:55 | Create | Villager (Male) |
| 2:18 | Create | Villager (Male) |
| 2:18 | Create | Villager (Male) |
| 2:18 | Create | Villager (Male) |
| 2:45 | Create | Villager (Male) |
| 3:00 | Create | Villager (Male) |
| 3:00 | Create | Villager (Male) |
| 3:00 | Create | Villager (Male) |
| 3:15 | Build | House |
| 3:41 | Create | Villager (Male) |
| 3:41 | Create | Villager (Male) |
| 4:08 | Create | Villager (Male) |
| 4:09 | Create | Villager (Male) |
| 4:09 | Create | Villager (Male) |
| 4:50 | Create | Villager (Male) |
| 4:50 | Create | Villager (Male) |
| 5:32 | Build | Mining Camp |
| 5:34 | Create | Villager (Male) |
| 5:34 | Create | Villager (Male) |
| 5:59 | Research | Loom |
| 6:45 | Research | Feudal Age |
| 7:45 | Build | Barracks |
| 7:51 | Build | Barracks |
| 8:04 | Build | House |
| 8:14 | Build | House |
| 8:55 | Age | Feudal Age |
| 8:58 | Build | Archery Range |
| 9:11 | Build | Archery Range |
| 9:19 | Create | Villager (Male) |
| 9:53 | Build | House |
| 9:54 | Create | Archer |
| 9:57 | Create | Villager (Male) |
| 10:06 | Build | Mill |
| 10:08 | Create | Villager (Male) |
| 10:08 | Create | Villager (Male) |
| 10:10 | Create | Archer |
| 10:10 | Create | Archer |
| 10:10 | Create | Archer |
| 10:25 | Create | Archer |
| 10:25 | Create | Archer |
| 10:29 | Create | Villager (Male) |
| 10:31 | Build | House |
| 10:37 | Build | Palisade Wall |
| 10:55 | Build | Farm |
| 10:56 | Build | Farm |
| 10:56 | Build | Farm |
| 11:02 | Create | Villager (Male) |
| 11:03 | Create | Villager (Male) |
| 11:10 | Create | Archer |
| 11:10 | Create | Archer |
| 11:21 | Build | House |
| 11:23 | Build | Palisade Wall |
| 11:27 | Build | Palisade Wall |
| 11:32 | Build | Palisade Wall |
| 11:34 | Create | Villager (Male) |
| 11:44 | Build | Palisade Wall |
| 11:46 | Create | Archer |
| 11:46 | Create | Archer |
| 11:46 | Create | Archer |
| 11:59 | Research | Double-Bit Axe |
| 12:13 | Create | Archer |
| 12:13 | Create | Archer |
| 12:13 | Create | Archer |
| 12:17 | Create | Villager (Male) |
| 12:18 | Create | Villager (Male) |
| 12:18 | Create | Villager (Male) |
| 12:45 | Build | House |
| 12:50 | Create | Archer |
| 12:51 | Create | Archer |
| 12:51 | Create | Villager (Male) |
| 13:12 | Create | Archer |
| 13:12 | Create | Archer |
| 13:13 | Build | House |
| 13:15 | Build | Palisade Gate |
| 13:19 | Create | Villager (Male) |
| 13:30 | Build | House |
| 13:35 | Create | Villager (Male) |
| 13:40 | Build | Watch Tower |
| 13:52 | Create | Villager (Male) |
| 13:56 | Build | House |
| 14:00 | Create | Villager (Male) |
| 14:03 | Build | Palisade Wall |
| 14:08 | Create | Archer |
| 14:09 | Create | Archer |
| 14:09 | Create | Archer |
| 14:24 | Build | House |
| 14:26 | Build | House |
| 14:33 | Create | Villager (Male) |
| 14:33 | Create | Villager (Male) |
| 14:39 | Build | Farm |
| 14:55 | Build | House |
| 14:56 | Create | Villager (Male) |
| 14:56 | Create | Villager (Male) |
| 15:01 | Create | Archer |
| 15:01 | Create | Archer |
| 15:01 | Create | Archer |
| 15:11 | Build | Farm |
| 15:16 | Create | Villager (Male) |
| 15:26 | Create | Villager (Male) |
| 15:27 | Create | Villager (Male) |
| 15:38 | Create | Archer |
| 15:38 | Create | Archer |
| 15:54 | Create | Villager (Male) |
| 15:55 | Create | Villager (Male) |
| 15:55 | Create | Villager (Male) |
| 16:09 | Create | Archer |
| 16:09 | Create | Archer |
| 16:10 | Create | Archer |
| 16:10 | Create | Villager (Male) |
| 16:24 | Create | Villager (Male) |
| 16:29 | Build | Blacksmith |
| 16:33 | Create | Archer |
| 16:34 | Create | Archer |
| 16:41 | Create | Villager (Male) |
| 16:47 | Build | Farm |
| 16:57 | Create | Archer |
| 16:57 | Create | Archer |
| 16:57 | Create | Archer |
| 16:58 | Create | Villager (Male) |
| 16:58 | Create | Villager (Male) |
| 17:16 | Research | Fletching |
| 17:17 | Research | Fletching |
| 17:18 | Create | Archer |
| 17:18 | Create | Archer |
| 17:18 | Create | Archer |
| 17:18 | Create | Villager (Male) |
| 17:18 | Create | Villager (Male) |
| 17:26 | Create | Villager (Male) |
| 17:36 | Create | Archer |
| 17:37 | Create | Archer |
| 17:41 | Build | Farm |
| 17:44 | Build | Farm |
| 17:48 | Create | Villager (Male) |
| 17:48 | Create | Villager (Male) |
| 17:50 | Build | Farm |
| 17:51 | Create | Villager (Male) |
| 17:55 | Create | Archer |
| 17:55 | Create | Archer |
| 17:55 | Create | Archer |
Match timeline
| 2:36 | dastle crop · wall_segment Palisade Wall x1 |
| 2:37 | dastle crop · wall_segment Palisade Wall x1 |
| 2:38 | dastle crop · wall_segment Palisade Wall x1 |
| 2:38 | dastle crop · wall_segment Palisade Wall x1 |
| 2:39 | dastle crop · wall_segment Palisade Wall x1 |
| 2:40 | dastle crop · wall_segment Palisade Wall x1 |
| 3:16 | dastle crop · wall_segment Palisade Wall x1 |
| 3:19 | dastle crop · wall_segment Palisade Wall x1 |
| 3:19 | dastle crop · wall_segment Palisade Wall x1 |
| 6:48 | Shadow_Samurai · wall_segment Palisade Wall x6 |
| 7:45 | Solusvod · first_building Barracks |
| 7:48 | Shadow_Samurai · first_building Barracks |
| 7:49 | dastle crop · first_building Barracks |
| 7:51 | Vermint · first_building Barracks |
| 7:54 | Lord Ramsbottom · first_building Barracks |
| 7:57 | Vermint · wall_segment Palisade Wall x1 |
| 8:28 | dastle crop · wall_segment Palisade Wall x5 |
| 8:32 | Elacrai · first_building Barracks |
| 8:36 | dastle crop · wall_segment Palisade Wall x5 |
| 8:50 | Vermint · age_up feudal |
| 8:51 | Lord Ramsbottom · age_up feudal |
| 8:52 | Shadow_Samurai · wall_segment Palisade Wall x5 |
| 8:55 | Solusvod · age_up feudal |
| 8:58 | Solusvod · first_building Archery Range |
| 8:59 | Elacrai · age_up feudal |
| 9:00 | Lord Ramsbottom · first_building Archery Range |
| 9:02 | Shadow_Samurai · age_up feudal |
| 9:02 | Vermint · first_building Stable |
| 9:08 | Shadow_Samurai · first_building Stable |
| 9:15 | dastle crop · age_up feudal |
| 9:17 | dastle crop · first_building Stable |
| 9:23 | Elacrai · first_building Archery Range |
| 9:52 | Lord Ramsbottom · wall_segment Palisade Wall x3 |
| 10:00 | Vermint · wall_segment Palisade Wall x1 |
| 10:02 | Vermint · wall_segment Palisade Wall x1 |
| 10:03 | Vermint · wall_segment Palisade Wall x1 |
| 10:11 | Shadow_Samurai · wall_segment Palisade Wall x6 |
| 10:37 | Solusvod · wall_segment Palisade Wall x5 |
| 11:03 | Vermint · wall_segment Palisade Wall x1 |
| 11:05 | Vermint · wall_segment Palisade Wall x1 |
| 11:19 | Lord Ramsbottom · wall_segment Palisade Wall x2 |
| 11:23 | Solusvod · wall_segment Palisade Wall x5 |
| 11:24 | Shadow_Samurai · wall_segment Palisade Wall x12 |
| 11:26 | dastle crop · first_building Archery Range |
| 11:26 | Lord Ramsbottom · wall_segment Palisade Wall x1 |
| 11:27 | Solusvod · wall_segment Palisade Wall x3 |
| 11:32 | Lord Ramsbottom · wall_segment Palisade Wall x6 |
| 11:32 | Solusvod · wall_segment Palisade Wall x10 |
| 11:44 | Solusvod · wall_segment Palisade Wall x9 |
| 11:56 | Lord Ramsbottom · wall_segment Palisade Wall x3 |
| 12:05 | Shadow_Samurai · wall_segment Palisade Wall x7 |
| 12:07 | Shadow_Samurai · wall_segment Palisade Wall x4 |
| 12:12 | Elacrai · wall_segment Palisade Wall x1 |
| 12:27 | Lord Ramsbottom · wall_segment Palisade Wall x1 |
| 13:12 | Lord Ramsbottom · wall_segment Palisade Wall x3 |
| 13:29 | Shadow_Samurai · wall_segment Palisade Wall x7 |
| 13:59 | Shadow_Samurai · wall_segment Palisade Wall x1 |
| 14:02 | Shadow_Samurai · wall_segment Palisade Wall x7 |
| 14:03 | Solusvod · wall_segment Palisade Wall x5 |
| 14:08 | Lord Ramsbottom · wall_segment Palisade Wall x6 |
| 14:27 | Lord Ramsbottom · wall_segment Palisade Wall x1 |
| 14:52 | Elacrai · wall_segment Palisade Wall x2 |
| 14:58 | Shadow_Samurai · wall_segment Palisade Wall x10 |
| 15:52 | Vermint · wall_segment Palisade Wall x2 |
| 16:15 | Elacrai · wall_segment Palisade Wall x11 |
| 16:58 | dastle crop · first_market_sell 100 stone |
| 17:02 | dastle crop · first_market_buy 100 food |
| 17:53 | Vermint · wall_segment Palisade Wall x1 |
| 17:58 | Elacrai · wall_segment Palisade Wall x6 |
| 19:11 | dastle crop · resign |
[ AI ANALYSIS · 1 CREDIT ]
What really happened in this match?
Wolo.gg analyzes every decision: build order, eco, micro, common mistakes by bracket. Personalized analysis on WhatsApp or Discord in 30 seconds.
Civ guide
Tupi
Perfil
Jugador #3683520